TOP OF THE 1ST |
University of Alabama Crimson Tide batting - Pitching for Florida State University Seminoles : RHP Jeff Blakeney
|
Pitching: RHP Jeff Blakeney
|
|
Batting: RHB Danny Rosario
|
0-0: Called Strike 0-1: Ball 1-1: Fly out, F9 (Line Drive, 9, EV 104.4 MPH)
|
Batting: RHB B.J. Clark
|
0-0: Ground out 6-3 (Groundball, 6D, EV 100.6 MPH)
|
Batting: RHB Al Lara
|
0-0: Fly out, F8 (Flyball, 8RD, EV 98.8 MPH)
|
Top of the 1st over - 0 runs, 0 hits, 0 errors, 0 left on base; University of Alabama 0 - Florida State University 0 |
BOTTOM OF THE 1ST |
Florida State University Seminoles batting - Pitching for University of Alabama Crimson Tide : RHP Manny Tabaco
|
Pitching: RHP Manny Tabaco
|
|
Batting: SHB Jon Odle
|
0-0: Foul Ball, location: 2F 0-1: Ball 1-1: Foul Ball, location: 2F 1-2: Ball 2-2: Ground out U3 (Groundball, 34S, EV 86.2 MPH)
|
Batting: RHB Shu-yaan Louis
|
0-0: Ball 1-0: Called Strike 1-1: Fly out, F7 (Line Drive, 7S, EV 98.8 MPH)
|
Batting: RHB Tony Valdez
|
0-0: Ball 1-0: Ball 2-0: Foul Ball, location: 2F 2-1: SINGLE (Groundball, 56D, EV 98.8 MPH)
|
Batting: LHB Kuang-an Liu
|
0-0: Swinging Strike 0-1: Ball 1-1: Ball 2-1: Called Strike 2-2: Foul Ball, location: 2F 2-2: Ball Tony Valdez steals 2nd, throwing error, E2 Tony Valdez to third 3-2: Foul Ball, location: 2F 3-2: Base on Balls
|
Batting: LHB John Doiron
|
0-0: Ball 1-0: Called Strike 1-1: Ball 2-1: Called Strike 2-2: Ball 3-2: Strikes out swinging
|
Bottom of the 1st over - 0 runs, 1 hit, 1 error, 2 left on base; University of Alabama 0 - Florida State University 0 |
TOP OF THE 2ND |
University of Alabama Crimson Tide batting - Pitching for Florida State University Seminoles : RHP Jeff Blakeney
|
Batting: RHB Justin Gray
|
0-0: Called Strike 0-1: Foul Ball, location: 2F 0-2: Ball 1-2: Strikes out looking
|
Batting: RHB David Sanchez
|
0-0: Called Strike 0-1: Ground out 5-3 (Groundball, 5, EV 87.5 MPH)
|
Batting: RHB Hughie Withers
|
0-0: Ball 1-0: Ball 2-0: Called Strike 2-1: Swinging Strike 2-2: Strikes out swinging
|
Top of the 2nd over - 0 runs, 0 hits, 0 errors, 0 left on base; University of Alabama 0 - Florida State University 0 |
BOTTOM OF THE 2ND |
Florida State University Seminoles batting - Pitching for University of Alabama Crimson Tide : RHP Manny Tabaco
|
Batting: RHB George Smienk
|
0-0: Foul Ball, location: 2F 0-1: Swinging Strike 0-2: Strikes out looking
|
Batting: LHB Brian Clayton
|
0-0: Ball 1-0: Ball 2-0: Called Strike 2-1: Foul Ball, location: 2F 2-2: Ball 3-2: Foul Ball, location: 2F 3-2: Foul Ball, location: 2F 3-2: Strikes out swinging
|
Batting: SHB John Welsh
|
0-0: Ground out 6-3 (Groundball, 6, EV 95.6 MPH)
|
Bottom of the 2nd over - 0 runs, 0 hits, 0 errors, 0 left on base; University of Alabama 0 - Florida State University 0 |
TOP OF THE 3RD |
University of Alabama Crimson Tide batting - Pitching for Florida State University Seminoles : RHP Jeff Blakeney
|
Batting: LHB Matt Barkley
|
0-0: Called Strike 0-1: Ball 1-1: Called Strike 1-2: Foul Ball, location: 2F 1-2: Ball 2-2: Strikes out looking
|
Batting: RHB Jong-your Lee
|
0-0: Ball 1-0: Ground out 6-3 (Groundball, 6, EV 98.8 MPH)
|
Batting: RHB Matt Aponte
|
0-0: Ball 1-0: Foul Ball, location: 2F 1-1: Swinging Strike 1-2: Foul Ball, location: 2F 1-2: Foul Ball, location: 2F 1-2: Strikes out looking
|
Top of the 3rd over - 0 runs, 0 hits, 0 errors, 0 left on base; University of Alabama 0 - Florida State University 0 |
BOTTOM OF THE 3RD |
Florida State University Seminoles batting - Pitching for University of Alabama Crimson Tide : RHP Manny Tabaco
|
Batting: RHB J.R. Harvey
|
0-0: Called Strike 0-1: Foul Ball, location: 2F 0-2: Ball 1-2: Ball 2-2: Strikes out swinging
|
Batting: SHB Jon Odle
|
0-0: Ball 1-0: Called Strike 1-1: Foul Ball, location: 2F 1-2: Foul Ball, location: 2F 1-2: Ball 2-2: Fly out, F6 (Popup, 6M, EV 73.1 MPH)
|
Batting: RHB Shu-yaan Louis
|
0-0: Called Strike 0-1: Ball 1-1: Ball 2-1: Ball 3-1: Swinging Strike 3-2: Strikes out swinging
|
Bottom of the 3rd over - 0 runs, 0 hits, 0 errors, 0 left on base; University of Alabama 0 - Florida State University 0 |
TOP OF THE 4TH |
University of Alabama Crimson Tide batting - Pitching for Florida State University Seminoles : RHP Jeff Blakeney
|
Batting: RHB Danny Rosario
|
0-0: Ball 1-0: Called Strike 1-1: Ball 2-1: Called Strike 2-2: Foul Ball, location: 2F 2-2: Foul Ball, location: 2F 2-2: Foul Ball, location: 2F 2-2: Strikes out swinging
|
Batting: RHB B.J. Clark
|
0-0: Called Strike 0-1: Ball 1-1: DOUBLE (Line Drive, 7LM, EV 90.6 MPH)
|
Batting: RHB Al Lara
|
0-0: Called Strike 0-1: Ball 1-1: Called Strike 1-2: Foul Ball, location: 2F 1-2: Ball 2-2: Ball 3-2: Ground out U3 (Groundball, 34, EV 80.0 MPH) B.J. Clark to third
|
Batting: RHB Justin Gray
|
0-0: Ball 1-0: Ball 2-0: Fly out, F9 (Line Drive, 9, EV 92.5 MPH)
|
Top of the 4th over - 0 runs, 1 hit, 0 errors, 1 left on base; University of Alabama 0 - Florida State University 0 |
BOTTOM OF THE 4TH |
Florida State University Seminoles batting - Pitching for University of Alabama Crimson Tide : RHP Manny Tabaco
|
Batting: RHB Tony Valdez
|
0-0: Ball 1-0: Foul Ball, location: 2F 1-1: Ball 2-1: Ball 3-1: Ground out 6-3 (Groundball, 6MS, EV 70.0 MPH)
|
Batting: LHB Kuang-an Liu
|
0-0: Foul Ball, location: 2F 0-1: Swinging Strike 0-2: Foul Ball, location: 2F 0-2: SINGLE (Groundball, 6M, EV 85.6 MPH) (infield hit)
|
Batting: LHB John Doiron
|
0-0: Called Strike 0-1: Fielders Choice at 2nd, 5-4 (Groundball, 56, EV 102.5 MPH)
|
Batting: RHB George Smienk
|
0-0: Called Strike 0-1: Ball 1-1: Foul Ball, location: 2F 1-2: Foul Ball, location: 2F 1-2: Ground out U3 (Groundball, 34S, EV 78.1 MPH)
|
Bottom of the 4th over - 0 runs, 1 hit, 0 errors, 1 left on base; University of Alabama 0 - Florida State University 0 |
TOP OF THE 5TH |
University of Alabama Crimson Tide batting - Pitching for Florida State University Seminoles : RHP Jeff Blakeney
|
Now at C: Hastings Miller
|
|
Now in LF: Matt Stewart
|
|
Batting: RHB David Sanchez
|
0-0: Foul Ball, location: 2F 0-1: Fly out, F4 (Popup, 34, EV 58.8 MPH)
|
Batting: RHB Hughie Withers
|
0-0: Foul Ball, location: 2F 0-1: Foul Ball, location: 2F 0-2: Ball 1-2: Reached on error, E8 (Line Drive, 78M, EV 86.2 MPH)
|
Batting: LHB Matt Barkley
|
0-0: Foul Ball, location: 2F 0-1: Ball 1-1: Foul Ball, location: 2F 1-2: Strikes out swinging
|
Batting: RHB Jong-your Lee
|
0-0: Fly out, F7 (Flyball, 78S, EV 90.6 MPH)
|
Top of the 5th over - 0 runs, 0 hits, 1 error, 1 left on base; University of Alabama 0 - Florida State University 0 |
BOTTOM OF THE 5TH |
Florida State University Seminoles batting - Pitching for University of Alabama Crimson Tide : RHP Manny Tabaco
|
Pitching: LHP Hirofumi Aoki
|
|
Now at C: Larry Brown
|
|
Now at 2B: Rodrik Gardner
|
|
Now at SS: Jong-your Lee
|
|
Batting: LHB Brian Clayton
|
0-0: Called Strike 0-1: Ball 1-1: Ball 2-1: Called Strike 2-2: Strikes out swinging
|
Batting: SHB John Welsh
|
0-0: Ball 1-0: Foul Ball, location: 2F 1-1: Swinging Strike 1-2: Foul Ball, location: 2F 1-2: Foul Ball, location: 2F 1-2: Strikes out swinging, 2-3 out at first.
|
Batting: RHB J.R. Harvey
|
0-0: Ball 1-0: Foul Ball, location: 2F 1-1: Called Strike 1-2: Ball 2-2: Ball 3-2: Foul Ball, location: 2F 3-2: Foul Ball, location: 2F 3-2: Foul Ball, location: 2F 3-2: Strikes out swinging
|
Bottom of the 5th over - 0 runs, 0 hits, 0 errors, 0 left on base; University of Alabama 0 - Florida State University 0 |
TOP OF THE 6TH |
University of Alabama Crimson Tide batting - Pitching for Florida State University Seminoles : RHP Jeff Blakeney
|
Pitching: RHP Kyle Carlson
|
|
Now in RF: Randy Bartlett
|
|
Batting: RHB Matt Aponte
|
0-0: Ball 1-0: Ball 2-0: Bunted foul 2-1: Foul Ball, location: 2F 2-2: Ball 3-2: Foul Ball, location: 2F 3-2: Ground out 6-3 (Groundball, 6S, EV 81.9 MPH)
|
Pinch Hitting: SHB Mike Bidwell
|
0-0: Called Strike 0-1: Swinging Strike 0-2: Strikes out swinging
|
Pinch Hitting: LHB Joe Blackwood
|
0-0: Called Strike 0-1: Ball 1-1: Foul Ball, location: 2F 1-2: Strikes out looking
|
Top of the 6th over - 0 runs, 0 hits, 0 errors, 0 left on base; University of Alabama 0 - Florida State University 0 |
BOTTOM OF THE 6TH |
Florida State University Seminoles batting - Pitching for University of Alabama Crimson Tide : LHP Hirofumi Aoki
|
Pitching: RHP Chad Wickel
|
|
Now at 1B: Onorato Zacagnini
|
|
Now at 3B: Fernando Reyes
|
|
Now in CF: Joe Blackwood
|
|
Now in RF: John Hicken
|
|
Pinch Hitting: LHB Jeff Shields
|
0-0: Fly out, F8 (Flyball, 8LD, EV 106.9 MPH)
|
Batting: RHB Shu-yaan Louis
|
0-0: Ball 1-0: Fly out, F9 (Line Drive, 9, EV 98.8 MPH)
|
Batting: LHB Hastings Miller
|
0-0: Ball 1-0: Foul Ball, location: 2F 1-1: Foul Ball, location: 2F 1-2: Ball 2-2: Ball 3-2: Fly out, F9 (Flyball, 9LM, EV 102.5 MPH)
|
Bottom of the 6th over - 0 runs, 0 hits, 0 errors, 0 left on base; University of Alabama 0 - Florida State University 0 |
TOP OF THE 7TH |
University of Alabama Crimson Tide batting - Pitching for Florida State University Seminoles : RHP Kyle Carlson
|
Pitching: RHP Danny Sabido
|
|
Now at 1B: Grayson Carmichael
|
|
Now at 3B: Jeff Shields
|
|
Now at SS: J.R. Harvey
|
|
Batting: RHB Fernando Reyes
|
0-0: Ball 1-0: Foul Ball, location: 2F 1-1: Ground out 6-3 (Groundball, 6, EV 86.9 MPH)
|
Batting: SHB Andrew Robison
|
0-0: Called Strike 0-1: Ball 1-1: Called Strike 1-2: Strikes out looking
|
Batting: RHB Rodrik Gardner
|
0-0: Ball 1-0: Fly out, F7 (Flyball, 7, EV 88.8 MPH)
|
Top of the 7th over - 0 runs, 0 hits, 0 errors, 0 left on base; University of Alabama 0 - Florida State University 0 |
BOTTOM OF THE 7TH |
Florida State University Seminoles batting - Pitching for University of Alabama Crimson Tide : RHP Chad Wickel
|
Batting: RHB Randy Bartlett
|
0-0: Called Strike 0-1: Called Strike 0-2: Foul Ball, location: 2F 0-2: Ball 1-2: Ball 2-2: Ball 3-2: Strikes out looking
|
Pitching: LHP Ralph Sandhoff
|
|
Batting: RHB Jorge Grijalva
|
0-0: Called Strike 0-1: Swinging Strike 0-2: Strikes out swinging
|
Pinch Hitting: RHB Julio Mendoza
|
0-0: Called Strike 0-1: Foul Ball, location: 2F 0-2: Ball 1-2: Ball 2-2: Ground out 4-3 (Groundball, 4S, EV 87.5 MPH)
|
Bottom of the 7th over - 0 runs, 0 hits, 0 errors, 0 left on base; University of Alabama 0 - Florida State University 0 |
TOP OF THE 8TH |
University of Alabama Crimson Tide batting - Pitching for Florida State University Seminoles : RHP Danny Sabido
|
Now in LF: Julio Mendoza
|
|
Pinch Hitting: LHB Alan Sullivan
|
0-0: Ball 1-0: Foul Ball, location: 2F 1-1: Ball 2-1: Foul Ball, location: 2F 2-2: Fly out, F8 (Flyball, 8RD, EV 97.5 MPH)
|
Pinch Hitting: RHB Gualtiero Fagnini
|
0-0: Ball 1-0: Called Strike 1-1: Foul Ball, location: 2F 1-2: Strikes out swinging
|
Batting: RHB Jong-your Lee
|
0-0: Foul Ball, location: 2F 0-1: Swinging Strike 0-2: Fly out, F8 (Flyball, 8LD, EV 99.4 MPH)
|
Top of the 8th over - 0 runs, 0 hits, 0 errors, 0 left on base; University of Alabama 0 - Florida State University 0 |
BOTTOM OF THE 8TH |
Florida State University Seminoles batting - Pitching for University of Alabama Crimson Tide : LHP Ralph Sandhoff
|
Pitching: LHP Juan Cardenas
|
|
Now at C: Xiao-yan Wie
|
|
Now in LF: Gualtiero Fagnini
|
|
Batting: LHB Brian Clayton
|
0-0: Swinging Strike 0-1: Ball 1-1: Called Strike 1-2: Strikes out swinging
|
Batting: RHB Grayson Carmichael
|
0-0: Ball 1-0: Foul Ball, location: 2F 1-1: Called Strike 1-2: Ball 2-2: Ball 3-2: SINGLE (Groundball, 34D, EV 101.2 MPH)
|
Batting: RHB J.R. Harvey
|
0-0: Bunted foul 0-1: Sac Bunt to 2L - play at first, batter OUT! 2-4 Grayson Carmichael to second
|
Batting: LHB Jeff Shields
|
0-0: Called Strike 0-1: Ball 1-1: Ball 2-1: Foul Ball, location: 2F 2-2: Ground out 6-3 (Groundball, 6, EV 104.4 MPH)
|
Bottom of the 8th over - 0 runs, 1 hit, 0 errors, 1 left on base; University of Alabama 0 - Florida State University 0 |
TOP OF THE 9TH |
University of Alabama Crimson Tide batting - Pitching for Florida State University Seminoles : RHP Danny Sabido
|
Pitching: RHP Bobby Rodriquez
|
|
Pinch Hitting: LHB Adam Antico
|
0-0: Swinging Strike 0-1: Foul Ball, location: 2F 0-2: Ball 1-2: Strikes out swinging
|
Pinch Hitting: RHB Danny Jaramillo
|
0-0: Ball 1-0: Ball 2-0: Foul Ball, location: 2F 2-1: Fly out, F7 (Line Drive, 78M, EV 95.6 MPH)
|
Batting: LHB Joe Blackwood
|
0-0: Ground out 5-3 (Groundball, 56, EV 103.1 MPH)
|
Top of the 9th over - 0 runs, 0 hits, 0 errors, 0 left on base; University of Alabama 0 - Florida State University 0 |
BOTTOM OF THE 9TH |
Florida State University Seminoles batting - Pitching for University of Alabama Crimson Tide : LHP Juan Cardenas
|
Pitching: LHP Kiyokazu Fujiwara
|
|
Now at 1B: Doyle James
|
|
Now in RF: Adam Antico
|
|
Pinch Hitting: RHB Tyan-yu Chen
|
0-0: Foul Ball, location: 2F 0-1: Foul Ball, location: 2F 0-2: Ball 1-2: Strikes out swinging
|
Pinch Hitting: RHB Bart Hall
|
0-0: Called Strike 0-1: Foul Ball, location: 2F 0-2: Ball 1-2: Ball 2-2: Strikes out swinging
|
Batting: RHB Randy Bartlett
|
0-0: Fly out, F8 (Flyball, 8RD, EV 101.2 MPH)
|
Bottom of the 9th over - 0 runs, 0 hits, 0 errors, 0 left on base; University of Alabama 0 - Florida State University 0 |
TOP OF THE 10TH |
University of Alabama Crimson Tide batting - Pitching for Florida State University Seminoles : RHP Bobby Rodriquez
|
Pitching: RHP Josh Walker
|
|
Now at C: Johnny Sherwood
|
|
Now at 2B: Tyan-yu Chen
|
|
Batting: RHB Fernando Reyes
|
0-0: Called Strike 0-1: Called Strike 0-2: Ball 1-2: Foul Ball, location: 2F 1-2: Ground out 5-3 (Groundball, 56S, EV 80.6 MPH)
|
Batting: SHB Andrew Robison
|
0-0: Ball 1-0: Called Strike 1-1: Hit by Pitch
|
Batting: RHB Rodrik Gardner
|
0-0: Called Strike Andrew Robison steals 2nd base 0-1: DOUBLE (Flyball, 89D, EV 101.2 MPH) Andrew Robison scores
|
Pinch Hitting: RHB Zachary Mandeville
|
0-0: Intentional Walk
|
Batting: RHB Gualtiero Fagnini
|
0-0: Ball 1-0: Called Strike 1-1: Foul Ball, location: 2F 1-2: DOUBLE (Line Drive, 9LM, EV 96.2 MPH) Rodrik Gardner scores Zachary Mandeville to third Runner from 3rd tries for Home, SAFE, throw by RF to home
|
Pitching: RHP Jason Harper
|
|
Batting: RHB Jong-your Lee
|
0-0: Called Strike 0-1: Ball 1-1: Ball 2-1: Ball 3-1: Called Strike 3-2: Strikes out swinging
|
Batting: LHB Adam Antico
|
0-0: Ball 1-0: Ball 2-0: Foul Ball, location: 2F 2-1: Fly out, F9 (Flyball, 9LD, EV 92.5 MPH)
|
Top of the 10th over - 3 runs, 2 hits, 0 errors, 1 left on base; University of Alabama 3 - Florida State University 0 |
BOTTOM OF THE 10TH |
Florida State University Seminoles batting - Pitching for University of Alabama Crimson Tide : LHP Kiyokazu Fujiwara
|
Pitching: LHP Don Rodgers
|
|
Now at C: Eric Kilmer
|
|
Batting: RHB Jorge Grijalva
|
0-0: Ball 1-0: Fly out, F4 (Line Drive, 4, EV 68.8 MPH)
|
Batting: RHB Julio Mendoza
|
0-0: Called Strike 0-1: Ball 1-1: Ground out 4-3 (Groundball, 4, EV 78.1 MPH)
|
Batting: LHB Brian Clayton
|
0-0: SINGLE (Flyball, 9LS, EV 97.5 MPH)
|
Batting: RHB Grayson Carmichael
|
0-0: Fly out, F8 (Flyball, 78D, EV 110.0 MPH)
|
Bottom of the 10th over - 0 runs, 1 hit, 0 errors, 1 left on base; University of Alabama 3 - Florida State University 0 |
|